 Dungeon Crawl Stone Soup version 0.25-a0-424-g80bd347ae0 (webtiles) character file.

Game seed: 4312838673473788976, levelgen mode: deterministic

86 Hasart the Firebug (level 4, -1/33 HPs)
             Began as a Draconian Fire Elementalist on Jan 20, 2020.
             Killed by nerve-wracking pain
             ... invoked by Grinder
              (9 damage)
             ... on level 3 of the Dungeon.
             The game lasted 00:03:40 (2464 turns).

Hasart the Firebug (Draconian Fire Elementalist)    Turns: 2464, Time: 00:03:41

Health: -1/33      AC:  5    Str: 10    XL:     4   Next: 26%
Magic:  7/7        EV: 12    Int: 17    God:
Gold:   87         SH:  0    Dex: 11    Spells: 7/8 levels left

rFire    . . .     SeeInvis .   e - +2 whip (venom)
rCold    . . .     Gourm    .   (no shield)
rNeg     . . .     Faith    .   (armour unavailable)
rPois    .         Spirit   .   (helmet restricted)
rElec    .         Reflect  .   (no cloak)
rCorr    .         Harm     .   (no gloves)
MR       .....                  (no boots)
Stlth    ++........             (no amulet)
HPRegen  0.11/turn              (no ring)
MPRegen  0.10/turn              (no ring)

@: no status effects
A: unfitting armour, cold-blooded, AC +5
a: no special abilities


You were on level 3 of the Dungeon.
You were not hungry.

You visited 1 branch of the dungeon, and saw 3 of its levels.

You collected 87 gold pieces.

Inventory:

Hand Weapons
 c - a +3 hand axe
 e - a +2 whip of venom (weapon)
Jewellery
 j - an uncursed ring of see invisible {unknown}
Scrolls
 f - 3 scrolls of identify {unknown}
 i - 3 scrolls of remove curse {unknown}
 l - a scroll of enchant weapon {unknown}
 o - a scroll of immolation {unknown}
Potions
 a - a potion of might {unknown}
 d - a potion of mutation {unknown}
 g - a potion of cancellation {unknown}
 k - a potion of curing {unknown}
 m - a potion of brilliance {unknown}
 n - a potion of agility {unknown}
 p - 2 potions of lignification {unknown}
Comestibles
 b - 3 rations
 h - 3 chunks of flesh


   Skills:
 + Level 2.3 Dodging
 - Level 1.7 Stealth
 + Level 2.5 Spellcasting
 * Level 2.3 Conjurations
 * Level 3.8 Fire Magic


You had 7 spell levels left.
You knew the following spells:

 Your Spells              Type           Power        Failure   Level  Hunger
a - Foxfire               Conj/Fire      ##..         5%          1    #......

Your spell library contained the following spells:

 Spells                   Type           Power        Failure   Level  Hunger
 Conjure Flame            Conj/Fire      ##......     16%         3    ###....
 Inner Flame              Hex/Fire       #.......     26%         3    ###....
 Sticky Flame             Conj/Fire      ##......     45%         4    #####..
 Fireball                 Conj/Fire      ##........   82%         5    ######.


Dungeon Overview and Level Annotations

Branches:
Dungeon (3/15)

Altars:
Fedhas
Gozag
Hepliaklqana
Uskayaw
Yredelemnul

Annotations:
D:3 Grinder


Innate Abilities, Weirdness & Mutations

Your plain brown scales are hard. (AC +5)
You cannot fit into any form of body armour.
You are cold-blooded and may be slowed by cold attacks.


Message History

The rat bites you but does no damage. The quokka misses you.
Unknown command.
You hit Grinder but do no damage.
Grinder looks as sick as possible!
Your tail-slap misses Grinder.
Grinder is severely wounded.
Grinder says, "There's only one good use for a tongue: cutting it out."
Grinder gestures at you. Pain shoots through your body!
The rat closely misses you.
The quokka bites you but does no damage.
You hit Grinder.
Grinder is almost dead.
Grinder gestures at you. Pain shoots through your body!
* * * LOW HITPOINT WARNING * * *
The rat bites you.
* * * LOW HITPOINT WARNING * * *
The quokka barely misses you. Grinder gestures at you.
Pain shoots through your body!
You die...

########## #...$....#
#.....r@.######
#.....r5..=...##########
#.......)####...[.......
#...?....# ############
########.# #.# #.. ##. #


You could see Grinder, a quokka and a rat.

Vanquished Creatures
  3 adders
  A worm (D:2)
  4 dart slugs
  A leopard gecko (D:2)
  3 giant cockroaches
  7 goblins
  6 hobgoblins
  A jackal (D:1)
  6 kobolds
  A ball python (D:1)
  4 bats
  2 frilled lizards
  9 rats
  A bush (D:1)
49 creatures vanquished.

Notes
Turn   | Place    | Note
-------+----------+-------------------------------------------
     0 | D:1      | Hasart the Draconian Fire Elementalist began the quest for
                  | the Orb.
     0 | D:1      | Reached XP level 1. HP: 14/14 MP: 3/3
    87 | D:1      | Reached XP level 2. HP: 13/20 MP: 5/5
   954 | D:1      | Reached XP level 3. HP: 22/26 MP: 6/6
  1388 | D:2      | Found an opulent altar of Gozag.
  1959 | D:2      | Reached XP level 4. HP: 28/33 MP: 7/7
  2083 | D:2      | Found a hazy altar of Hepliaklqana.
  2136 | D:2      | Found a basalt altar of Yredelemnul.
  2281 | D:2      | Found a hide-covered altar of Uskayaw.
  2283 | D:2      | Found a blossoming altar of Fedhas.
  2450 | D:3      | Noticed Grinder
  2453 | D:3      | Paralysed by Grinder for 4 turns
  2464 | D:3      | Killed from afar by Grinder

Levels and vault maps discovered:
D:1:      minmay_arrival_cross, layout_loops_ring, serial_forest,
          infiniplex_forest_straight_2, infiniplex_forest_lined_3_way,
          infiniplex_forest_end_3, infiniplex_forest_side_room,
          infiniplex_forest_clump_curved, infiniplex_forest_end_double,
          infiniplex_forest_clump_double, minmay_bisected
D:2:      layout_rooms, nicolae_overflow_crystal_walls, marbit_many_paths,
          grunt_gozag_breadcrumbs, chequers_temple_overflow_statue_of_worship
D:3:      layout_rooms, uniq_grinder

Skill      XL: |  1  2  3 |
---------------+----------+-----
Dodging        | 2 |  2.3
Conjurations   | 2 |  2.3
Stealth        | |  1.7
Spellcasting   | |  2.5
Fire Magic     | |  3.8

Action                   |  1- 3 |  4- 6 || total
-------------------------+-------+-------++-------
Melee: Hand axe          |    27 |       ||    27
       Tailslap          |    12 |     3 ||    15
       Whip              |   110 |    31 ||   141
 Stab: Sleeping          |     2 |       ||     2
  Eat: Chunk             |     3 |     2 ||     5
Armor: Skin              |    37 |    18 ||    55
Dodge: Dodged            |    95 |    32 ||   127

Table legend:
 A = Non-vault XP
 B = Vault XP
 C = Vault XP percentage of total XP
 D = Non-vault monster count
 E = Vault monster count
 F = Vault count percentage of total count
                 A         B        C        D         E       F
            +---------+---------+-------+---------+---------+-------
      Total |     112 |      11 |   8.9 |      41 |       7 |  14.6
            +---------+---------+-------+---------+---------+-------
        D:1 |      46 |      10 |  17.9 |      18 |       6 |  25.0
        D:2 |      66 |       1 |   1.5 |      23 |       1 |   4.2
            +---------+---------+-------+---------+---------+-------
